 Dungeon Crawl Stone Soup version 0.27.1-3-gb3d3a73c9e (webtiles) character file.

Game seed: 7055345097570446307

67627 CrypticCrinoid the Severer (level 14, -1/130 HPs)
             Began as a Minotaur Berserker on Oct 19, 2021.
             Was the Champion of Trog.
             Slain by an 11-headed hydra (3 damage)
             ... on level 6 of the Lair of Beasts.
             The game lasted 00:39:12 (17967 turns).

CrypticCrinoid the Severer (Minotaur Berserker)    Turns: 17967, Time: 00:39:15

Health: -1/130     AC: 25    Str: 27    XL:     14   Next: 83%
Magic:  13/13      EV: 12    Int:  4    God:    Trog [******]
Gold:   1942       SH: 21    Dex: 16    Spells: 13/13 levels left

rFire    + . .     SeeInvis .   e - +2 broad axe (vamp)
rCold    + . .     Faith    .   v - +2 kite shield
rNeg     . . .     Spirit   .   F - +0 plate armour
rPois    .         Reflect  +   G - +2 hat
rElec    .         Harm     .   j - +2 cloak
rCorr    .         Rampage  .   (no gloves)
Will     +....                  D - +2 pair of boots
Stlth    ..........             c - amulet of reflection
HPRegen  0.31/turn              B - ring of protection from fire
MPRegen  0.13/turn              x - ring of Reitsiq {rC+ Dex+6}

@: lethally poisoned (-1 -> -19), about to teleport, on berserk cooldown,
slowed, studying Throwing, very slow
A: horns 2, retaliatory headbutt
a: Renounce Religion, Berserk, Trog's Hand, Brothers in Arms


You were on level 6 of the Lair of Beasts.
You worshipped Trog.
Trog was exalted by your worship.
You visited 2 branches of the dungeon, and saw 18 of its levels.
You also visited: Bailey.

You collected 1942 gold pieces.

Inventory:

Hand Weapons
 e - a +2 vampiric broad axe (weapon)
 w - a +0 executioner's axe
Armour
 j - a +2 cloak (worn)
 v - a +2 kite shield (worn)
 A - a +0 tower shield
 D - a +2 pair of boots (worn)
 F - a +0 plate armour (worn)
 G - a +2 hat (worn)
Jewellery
 c - an amulet of reflection (around neck)
 d - a ring of fire
 x - the ring of Reitsiq (right hand) {rC+ Dex+6}
   (You acquired it in a bailey)

   [ring of dexterity]

   Dex:       It affects your dexterity (+6).
   rC:        It protects you from cold.
 y - a +6 ring of intelligence
 B - a ring of protection from fire (left hand)
Wands
 g - a wand of iceblast (12)
 k - a wand of flame (33)
 C - a wand of acid (34)
 K - a wand of paralysis (17)
Scrolls
 a - 6 scrolls of teleportation
 n - 3 scrolls of summoning
 o - a scroll of fog
 r - a scroll of identify
 t - a scroll of silence {unknown}
 H - 4 scrolls of magic mapping
 I - 2 scrolls of fear
 L - a scroll of enchant armour
Potions
 b - 2 potions of magic
 f - 3 potions of lignification
 h - 4 potions of haste
 i - a potion of curing
 l - a potion of cancellation
 m - 10 potions of ambrosia
 p - a potion of might
 q - 2 potions of attraction
 s - a potion of resistance
 u - 5 potions of heal wounds
 z - 2 potions of brilliance
 E - 3 potions of flight
Miscellaneous
 J - a box of beasts


   Skills:
 * Level 13.9 Fighting
 * Level 18.4 Axes
 * Level 13.1 Armour
 * Level 10.6 Dodging
 * Level 12.1 Shields


You had 13 spell levels left.
You didn't know any spells.
Your spell library was empty.

Dungeon Overview and Level Annotations

Branches:
Dungeon (12/15)            Temple (0/1) D:5            Lair (6/6) D:8
 Shoals (0/4) Lair:3        Snake (0/4) Lair:4        Slime (0/5) Lair:5
 Bailey (visited)
    Orc: D:9-12

Altars:
Cheibriados
Elyvilon
Fedhas
Gozag
Hepliaklqana
Kikubaaqudgha
Okawaru
Qazlal
Vehumet
Wu Jian
Xom
Yredelemnul
Zin
The Shining One
Jiyva


Innate Abilities, Weirdness & Mutations

You have a pair of horns on your head.
You reflexively headbutt those who attack you in melee.


Message History

The vampire mosquito bites you but does no damage.
Your troll barely misses the vampire mosquito. x2
Your troll closely misses the vampire mosquito.
You block the cane toad's attack.
A seven-headed hydra comes into view.
The cane toad stings you.
The 11-headed hydra bites you but does no damage.
The 11-headed hydra misses you.
The 11-headed hydra bites you but does no damage.
The 11-headed hydra misses you. The 11-headed hydra bites you.
* * * LOW HITPOINT WARNING * * *
The 11-headed hydra bites you but does no damage.
The 11-headed hydra closely misses you.
The 11-headed hydra bites you but does no damage.
The 11-headed hydra barely misses you.
The 11-headed hydra bites you but does no damage.
The 11-headed hydra bites you.
* * * LOW HITPOINT WARNING * * *
The vampire mosquito barely misses you.
Your troll bites the vampire mosquito!
The vampire mosquito is destroyed!
Trog accepts your kill.
As you read the scroll of teleportation, it crumbles to dust.
You feel strangely unstable.
The seven-headed hydra roars!
You block the cane toad's attack. x2; The cane toad stings you!
* * * LOW HITPOINT WARNING * * *
You are poisoned.
The cane toad poisons you! The 11-headed hydra bites you.
* * * LOW HITPOINT WARNING * * *
The 11-headed hydra bites you but does no damage.
The 11-headed hydra completely misses you.
The 11-headed hydra bites you!
* * * LOW HITPOINT WARNING * * *
The 11-headed hydra completely misses you.
The 11-headed hydra bites you.
* * * LOW HITPOINT WARNING * * *
You block the 11-headed hydra's attack. The 11-headed hydra bites you!
* * * LOW HITPOINT WARNING * * *
You block the 11-headed hydra's attack. The 11-headed hydra bites you.
You die...

###.. P.≈..≈≈
......P...≈F≈
##...#...≈.≈≈≈
###.........≈.≈≈
##P#.P......≈..≈≈
#....#.........P≈
#.........††....≈
#.....FDT......
###...F@.#.≈..
#..#.........
##...#.....###
#.......P...D.
#.....P.......
##.†......PP..
##..†.....P##
#†††#.#####
##.#.### .


You could see a 11-headed hydra (ally target), a seven-headed hydra, 3 cane
toads and a friendly troll (summoned, berserk).

Vanquished Creatures
  3 acid blobs (Lair:5)
  Gastronok (Lair:2)
  An orc warlord (Bailey)
  9 hydras
  Harold (D:7)
  2 boulder beetles
  3 two-headed ogres (D:9)
  A tengu warrior (D:9)
  11 death yaks
  Urug (Lair:3)
  Sonja (Lair:3)
  Nergalle (D:11)
  A goliath frog (Lair:6)
  A lindwurm (Lair:4)
  2 ugly things
  4 oklob plants
  2 manticores
  5 elephants
  A black mamba (shapeshifter) (D:9)
  4 black mambas
  3 gargoyles
  19 cane toads
  A kobold demonologist (D:11)
  A rime drake (Lair:5)
  9 komodo dragons
  6 trolls
  A hornet (D:8)
  A queen bee (Lair:2)
  6 polar bears
  19 blink frogs
  A slime creature (Lair:5)
  Grinder (D:4)
  Sigmund (D:3)
  A shadow (D:9)
  31 yaks
  Eustachio (D:5)
  2 wyverns
  2 steam dragons (D:9)
  A vampire mosquito (Lair:6)
  7 basilisks
  3 wargs (D:8)
  5 nagas (Lair:4)
  11 water moccasins
  An acid dragon (D:9)
  6 black bears
  10 orc warriors
  2 sky beasts
  A necrophage (D:5)
  2 ogres
  21 wolves
  9 centaurs
  3 kobold brigands
  2 phantoms
  15 bullfrogs
  A gnoll sergeant (D:9)
  2 scorpions (D:5)
  A water moccasin zombie (D:7)
  36 killer bees
  2 wights (D:9)
  4 howler monkeys
  2 bullfrog zombies
  3 centaur zombies
  5 hounds
  Crazy Yiuf (D:3)
  5 orc priests
  2 jellies
  An iron imp (D:4)
  A bullfrog skeleton (D:6)
  Jessica (D:3)
  3 iguanas
  6 orc wizards
  A hound skeleton (D:4)
  A gnoll (Bailey)
  2 howler monkey zombies
  10 adders
  A white imp (D:6)
  An adder skeleton (D:4)
  3 dart slugs
  36 orcs
  10 endoplasms
  4 giant cockroaches
  8 goblins
  10 hobgoblins
  11 jackals
  17 kobolds
  11 quokkas
  9 ball pythons
  3 bats
  4 frilled lizards
  5 rats
483 creatures vanquished.

Vanquished Creatures (collateral kills)
  A blink frog (Lair:6)
  A vampire mosquito (Lair:6)
  A bullfrog (Lair:6)
3 creatures vanquished.

Vanquished Creatures (others)
  A bush (D:10)
  18 fungi
  77 plants
96 creatures vanquished.

Grand Total: 582 creatures vanquished

Notes
Turn   | Place    | Note
-------+----------+-------------------------------------------
     0 | D:1      | CrypticCrinoid the Minotaur Berserker began the quest for
                  | the Orb.
     0 | D:1      | Reached XP level 1. HP: 19/19 MP: 0/0
    30 | D:1      | Reached XP level 2. HP: 21/27 MP: 1/1
   149 | D:1      | Reached skill level 4 in Axes
   771 | D:2      | Reached ** piety under Trog
   788 | D:2      | Reached XP level 3. HP: 33/33 MP: 2/2
  1264 | D:2      | Reached XP level 4. HP: 41/41 MP: 3/3
  1437 | D:3      | Noticed Sigmund
  1445 | D:3      | Killed Sigmund
  1446 | D:3      | Reached skill level 5 in Axes
  1446 | D:3      | Reached skill level 1 in Shields
  1446 | D:3      | Reached XP level 5. HP: 47/47 MP: 4/4
  1497 | D:3      | Reached skill level 5 in Fighting
  1497 | D:3      | Reached XP level 6. HP: 56/56 MP: 5/5
  1499 | D:3      | Noticed Jessica
  1502 | D:3      | Killed Jessica
  1503 | D:3      | Reached skill level 6 in Axes
  1667 | D:3      | Found a hazy altar of Hepliaklqana.
  1744 | D:3      | Found a shimmering altar of Xom.
  1818 | D:3      | Found a faded altar of an unknown god.
  1856 | D:3      | Reached *** piety under Trog
  1954 | D:3      | Found a runed translucent door.
  1955 | D:3      | Noticed Crazy Yiuf
  1964 | D:3      | Killed Crazy Yiuf
  2514 | D:4      | Noticed Grinder
  2516 | D:4      | Paralysed by Grinder for 4 turns
  2526 | D:4      | Paralysed by Grinder for 2 turns
  2533 | D:4      | Paralysed by Grinder for 6 turns
  2542 | D:4      | Paralysed by Grinder for 6 turns
  2550 | D:4      | Killed Grinder
  2551 | D:4      | Reached XP level 7. HP: 25/61 MP: 6/6
  2980 | D:4      | Reached skill level 7 in Axes
  2988 | D:4      | Reached skill level 5 in Armour
  3083 | D:4      | Found a stormy altar of Qazlal.
  3295 | D:4      | Found a glowing silver altar of Zin.
  3387 | D:4      | Found a snail-covered altar of Cheibriados.
  3691 | D:5      | Entered Level 5 of the Dungeon
  3691 | D:5      | Found a staircase to the Ecumenical Temple.
  3705 | D:5      | Reached XP level 8. HP: 50/70 MP: 7/7
  3706 | D:5      | Reached skill level 8 in Axes
  4158 | D:5      | Found a blossoming altar of Fedhas.
  4209 | D:5      | Noticed Eustachio
  4213 | D:5      | Killed Eustachio
  4226 | D:5      | Reached skill level 9 in Axes
  4226 | D:5      | Reached skill level 5 in Dodging
  4397 | D:5      | Found an iron altar of Okawaru.
  4525 | D:5      | Found a basalt altar of Yredelemnul.
  4585 | D:5      | Found an ornate altar of the Wu Jian Council.
  4743 | D:6      | Reached **** piety under Trog
  4786 | D:6      | Reached XP level 9. HP: 78/78 MP: 8/8
  4818 | D:6      | Reached skill level 10 in Axes
  5112 | D:6      | Noticed a troll
  5124 | D:6      | Killed a troll
  5501 | D:7      | Found a radiant altar of Vehumet.
  5523 | D:7      | Found an ancient bone altar of Kikubaaqudgha.
  5530 | D:7      | Noticed Harold
  5553 | D:7      | Killed Harold
  5554 | D:7      | Reached skill level 11 in Axes
  6374 | D:8      | Identified the +4 falchion of Keckurod {antimagic, Will+
                  | SInv}
  6399 | D:8      | Found a staircase to the Lair.
  6541 | D:8      | Reached XP level 10. HP: 34/88 MP: 9/9
  7105 | D:8      | Noticed a gargoyle
  7113 | D:8      | Killed a gargoyle
  7114 | D:8      | Reached skill level 12 in Axes
  7497 | D:9      | Reached ***** piety under Trog
  7617 | D:9      | Found a flagged portal.
  7646 | Bailey   | Entered a bailey
  7685 | Bailey   | Noticed an orc warlord
  7759 | Bailey   | Found a runed translucent gate.
  7764 | Bailey   | Found a runed translucent gate.
  7790 | Bailey   | Found a runed translucent gate.
  8042 | Bailey   | Killed an orc warlord
  8078 | Bailey   | Acquired the ring of Reitsiq {rC+ Dex+6}
  8080 | Bailey   | Acquired 350 gold pieces
  8323 | D:9      | Noticed a tengu warrior
  8330 | D:9      | Reached skill level 13 in Axes
  8347 | D:9      | Killed a tengu warrior
  8586 | D:9      | Reached XP level 11. HP: 72/97 MP: 10/10
  8779 | D:9      | Found a white marble altar of Elyvilon.
  8812 | D:9      | Found an opulent altar of Gozag.
  8859 | D:9      | Found a glowing golden altar of the Shining One.
  8944 | D:9      | Noticed a two-headed ogre
  8945 | D:9      | Noticed a two-headed ogre
  8954 | D:9      | Killed a two-headed ogre
  8958 | D:9      | Killed a two-headed ogre
  8959 | D:9      | Reached skill level 10 in Armour
  9148 | D:9      | Reached skill level 5 in Shields
  9457 | D:9      | Noticed a two-headed ogre
  9458 | D:9      | Noticed an orb spider
  9459 | D:9      | Noticed a brown ugly thing
  9469 | D:9      | Killed a two-headed ogre
  9470 | D:9      | Reached skill level 14 in Axes
  9485 | D:9      | Killed a brown ugly thing
  9493 | D:9      | an orb spider changed into a shapeshifter
 10093 | D:10     | Entered Level 10 of the Dungeon
 10097 | D:10     | Reached skill level 10 in Fighting
 11247 | D:11     | Received a gift from Trog
 11315 | D:11     | Noticed an eight-headed hydra
 11322 | D:11     | Killed a 12-headed hydra
 11461 | D:11     | Found an opulent altar of Gozag.
 11569 | D:11     | Noticed a cyan ugly thing
 11569 | D:11     | Noticed Nergalle
 11584 | D:11     | Killed a cyan ugly thing
 11586 | D:11     | Killed Nergalle
 11587 | D:11     | Reached XP level 12. HP: 107/107 MP: 11/11
 11758 | D:12     | Reached skill level 15 in Axes
 11845 | Lair:1   | Entered Level 1 of the Lair of Beasts
 12899 | Lair:2   | Noticed Gastronok
 12913 | Lair:2   | Killed Gastronok
 12914 | Lair:2   | Reached skill level 16 in Axes
 13028 | Lair:2   | Received a gift from Trog
 13342 | Lair:2   | Noticed a seven-headed hydra
 13348 | Lair:2   | Killed a ten-headed hydra
 13439 | Lair:2   | Reached XP level 13. HP: 112/116 MP: 12/12
 13892 | Lair:3   | Noticed Sonja
 13903 | Lair:3   | Found a staircase to the Shoals.
 13908 | Lair:3   | Killed Sonja
 14450 | Lair:3   | Noticed Urug
 14462 | Lair:3   | Killed Urug
 14548 | Lair:3   | Found a blossoming altar of Fedhas.
 15215 | Lair:4   | Reached ****** piety under Trog
 15441 | Lair:4   | Found a staircase to the Snake Pit.
 15705 | Lair:4   | Reached skill level 10 in Shields
 15840 | Lair:4   | Reached skill level 17 in Axes
 16520 | Lair:5   | Reached XP level 14. HP: 105/127 MP: 13/13
 16597 | Lair:5   | Found a runed translucent door.
 16597 | Lair:5   | Found a viscous altar of Jiyva.
 16598 | Lair:5   | Noticed an acid blob
 16598 | Lair:5   | Noticed an acid blob
 16602 | Lair:5   | Found a staircase to the Slime Pits.
 16602 | Lair:5   | Noticed an acid blob
 16614 | Lair:5   | Killed an acid blob
 16615 | Lair:5   | Reached skill level 10 in Dodging
 16618 | Lair:5   | Killed an acid blob
 16623 | Lair:5   | Killed an acid blob
 16904 | Lair:5   | Received a gift from Trog
 16905 | Lair:5   | Reached skill level 18 in Axes
 17754 | Lair:6   | Entered Level 6 of the Lair of Beasts
 17967 | Lair:6   | HP: 2/130 [11-headed hydra (7)]
 17967 | Lair:6   | Slain by an 11-headed hydra

Illustrated notes

Levels and vault maps discovered:
D:1:      erik_arrival_blinker_ship, layout_rooms,
          hangedman_abyss_or_decor_lesser_grid, minmay_3d_cube
D:2:      layout_loops_ring
D:3:      layout_loops_ring, mainiacjoe_overflow_alcove_2,
          mainiacjoe_overflow_six_doors_small, basic_ecumenical_altar,
          serial_bayou_pond_e, uniq_jessica, uniq_crazy_yiuf_cottage,
          uniq_sigmund
D:4:      minmay_inner_zag, layout_rooms, zin_scriptorium,
          nicolae_qazlal_eye_of_the_storm, chei_slow_surprise, uniq_grinder
D:5:      layout_cave_pools, kennysheep_mini, nzn_wu_jian_council_hall,
          general_overflow_altar, fedhas_altar_2,
          minmay_temple_entry_nine_rooms, grunt_ministairs_8, uniq_eustachio
D:6:      layout_loops_ring
D:7:      layout_basic, overflow_temple_1_default, mainiacjoe_overflow_catwalk,
          kennysheep_big_empty_room, minmay_misc_feat_iff, uniq_harold
D:8:      layout_basic, erik_lair_orcish_takeover
D:9:      minmay_quarter_circles, layout_long_grid,
          mainiacjoe_overflow_concentric_impassable,
          mainiacjoe_overflow_boulevard, amcnicky_altar_gilded, enter_bailey_4
D:10:     layout_irregular_city, kb_lookout_dungeons_type
D:11:     layout_rooms, minivault_16, nicolae_gozag_seed_capital, uniq_nergalle
D:12:     layout_rooms, david_orc_2, uniq_josephine, uniq_nessos, uniq_fannar
Lair:1:   layout_roguey, hangedman_lair_unloving_vines
Lair:2:   layout_small_grid, special_room [special_room_bee],
          beast_lair_carwin_2, uniq_gastronok
Lair:3:   layout_regular_city, shoals_dummy_entry, hangedman_tree_tricks,
          serial_bayou_shore_b, uniq_sonja, uniq_urug
Lair:4:   layout_roguey, minmay_snake_entry_guardpost_medium,
          minmay_lair_oklob_chamber
Lair:5:   layout_cave_pods, slime_altar_2, beast_lair_carwin_10,
          grunt_megastairs_4
Lair:6:   minmay_lair_end_frog_pond, layout_misc_corridors,
          kennysheep_basilisk_garden, infiniplex_staircase_pool

Skill      XL: |  1  2  3  4  5  6  7  8  9 10 11 12 13 14 |
---------------+-------------------------------------------+-----
Axes           | 4 5 6 7 9 11 13 14 16 17 18 | 18.4
Fighting       | 4 5 6 8 9 10 11 12 13 | 13.9
Armour         | 3 4 5 6 8 9 10 11 12 13 | 13.1
Dodging        | 3 4 5 6 7 8 9 10 | 10.6
Shields        | 1 2 3 4 6 8 10 12 | 12.1

Action                   |  1- 3 |  4- 6 |  7- 9 | 10-12 | 13-15 || total
-------------------------+-------+-------+-------+-------+-------++-------
Melee: Hand axe          |    47 |       |       |       |       ||    47
       Headbutt          |    12 |    10 |    40 |   107 |   136 ||   305
       War axe           |    33 |    50 |   215 |   158 |       ||   456
       Broad axe         |       |       |       |   322 |   427 ||   749
Invok: Berserk           |       |     3 |     5 |     9 |     9 ||    26
       Brothers in Arms  |       |       |       |       |     1 ||     1
Evoke: Wand              |       |       |       |       |     1 ||     1
  Use: Scroll            |       |     1 |     9 |    18 |     8 ||    36
       Potion            |       |       |       |     3 |     1 ||     4
 Stab: Invisible         |       |     1 |       |       |       ||     1
Armor: Leather armour    |     4 |       |       |       |       ||     4
       Ring mail         |    15 |     9 |    31 |       |       ||    55
       Chain mail        |       |       |    89 |     8 |       ||    97
       Plate armour      |       |       |       |   317 |   257 ||   574
Dodge: Dodged            |    35 |    30 |   143 |   260 |   189 ||   657
Block: Other             |    17 |    10 |    52 |    73 |       ||   152
       Reflection        |       |     1 |     4 |    11 |     7 ||    23
       Kite shield       |       |       |       |   284 |   483 ||   767
